cohdb
Replays
Latest Replays
All Replays
Popular Replays
Top Player Replays
Match Explorer
How It Works
Community
CoH3 Stats
Reddit
Sign in to upload your games and track your stats! →
Sign in with Steam
Match 41207897
Unlisted
Match 41207897
Overview
Messages
Build Orders
End
Panzergrenadier Squad
250 Light Carrier
Panzergrenadier Squad
Construct Light Support Kompanie
Panzerjäger Squad
Selects Panzerjäger Kommand Battlegroup
Selects GrB 39 Grenade Launcher Requisition
Combat Half-tracks
2.5-tonne Medical Truck
Fire Support Elements
Veteran Squad Leaders
Selects Blockade Equipment
Panzergrenadier Squad
Vehicle Survival Package
Construct Panzerarmee Kommand
Selects Early Warning
Selects Butterfly Bomb Drop
Butterfly Bomb Drop
Selects Crew Shock Tactics
Panzer III L Medium Tank
Walking Stuka Rocket Launcher
Rapid Advance
Tungsten Core Ammunition
Butterfly Bomb Drop
Early Warning
Panzer III L Medium Tank
Panzer III L Medium Tank
Panzergrenadier Squad
Panzer III L Medium Tank
Advanced Field Repairs
Construct Mechanized Kompanie
18-tonne Recovery Half-track
Selects Anti-tank Overwatch
Assault Mechanized Group
e s 0
Kenny
Hi5.Frodo
Atomic Floyd
Microsoft Outlook
deadsadbadmad
0
0
Comments
sign in to comment!
No comments posted yet!